 Dungeon Crawl Stone Soup version 0.26-a0-651-gb41185065b (webtiles) character file.

Game seed: 6011793390946858853

216 Ozzies the Skirmisher (level 5, -3/36 HPs)
             Began as a Gargoyle Fighter on Oct 7, 2020.
             Was an Initiate of Okawaru.
             Slain by an ogre
             ... wielding a +0 giant club
              (18 damage)
             ... on level 4 of the Dungeon.
             The game lasted 00:03:11 (3253 turns).

Ozzies the Skirmisher (Gargoyle Fighter)            Turns: 3253, Time: 00:03:12

Health: -3/36      AC: 12    Str: 20    XL:     5   Next: 93%
Magic:  14/14      EV:  7    Int:  9    God:    Okawaru [......]
Gold:   165        SH:  9    Dex:  9    Spells: 4/4 levels left

rFire    . . .     SeeInvis .   a - +0 flail
rCold    . . .     Faith    .   c - +0 kite shield
rNeg     + . .     Spirit   .   b - +0 scale mail
rPois    ∞         Reflect  .   (no helmet)
rElec    +         Harm     .   (no cloak)
rCorr    .         Rampage  .   g - +0 pair of gloves {archery}
MR       .....                  (no boots)
Stlth    ..........             (no amulet)
HPRegen  0.12/turn              o - ring of magical power
MPRegen  0.14/turn              r - ring of flight

@: no status effects
A: negative energy resistance 1, electricity resistance, unbreathing,
petrification resistance, rot immunity, AC +4
a: Renounce Religion, Evoke Flight


You were on level 4 of the Dungeon.
You worshipped Okawaru.
Okawaru was noncommittal.
You visited 2 branches of the dungeon, and saw 5 of its levels.

You collected 165 gold pieces.

Inventory:

Hand Weapons
 a - a +0 flail (weapon)
Missiles
 e - 95 stones (quivered)
 x - 12 sling bullets
Armour
 b - a +0 scale mail (worn)
 c - a +0 kite shield (worn)
 g - a +0 pair of gloves of archery (worn)
Jewellery
 o - a ring of magical power (left hand)
 r - a ring of flight (right hand)
 z - the ring "Utrilu Raem" {rPois MP+9, unknown}
   (You found it on level 4 of the Dungeon)

   [ring of poison resistance]

   It protects you from poison.
   It affects your magic capacity (+9).
Wands
 i - a wand of enslavement (5)
 p - a wand of iceblast (11)
Scrolls
 j - 5 scrolls of identify {unknown}
 k - 2 scrolls of enchant weapon {unknown}
 l - 3 scrolls of random uselessness {unknown}
 n - 2 scrolls of remove curse {unknown}
 t - a scroll of enchant armour {unknown}
 y - a scroll of teleportation {unknown}
Potions
 d - a potion of might {@q3 !q}
 f - 4 potions of heal wounds {unknown}
 h - a potion of lignification {unknown}
 m - a potion of invisibility {unknown}
 q - a potion of flight {unknown}
 s - a potion of stabbing {unknown}
 u - a potion of haste {unknown}
 v - a potion of curing {unknown}
 w - a potion of degeneration {unknown}


   Skills:
 * Level 5.7 Fighting
 + Level 2.6 Maces & Flails
 + Level 3.9 Armour
 + Level 1.1 Dodging
 + Level 3.7 Shields


You had 4 spell levels left.
You didn't know any spells.
Your spell library was empty.

Dungeon Overview and Level Annotations

Branches:
Dungeon (4/15)             Temple (1/1) D:4

Altars:
Cheibriados
Dithmenos
Elyvilon
Fedhas
Hepliaklqana
Makhleb
Nemelex Xobeh
Okawaru
Qazlal
Ru
Sif Muna
Trog
Uskayaw
Xom
Yredelemnul
Zin

Annotations:
D:3 exclusion: downstairs
D:4 1 runed translucent door, 1 exclusion


Innate Abilities, Weirdness & Mutations

You are resistant to torment.
Your stone body is resilient. (AC +4)
You are immune to poison.
You resist negative energy. (rN+)
You are resistant to electric shocks. (rElec)
You can survive without breathing.
You are immune to petrification.
You are immune to rotting.


Message History

Found a shimmering altar of Xom.
Found a shadowy altar of Dithmenos.
Found a blossoming altar of Fedhas.
Key pressed, stopping explore.
Found a sparkling altar of Nemelex Xobeh.
Found a snail-covered altar of Cheibriados.
There is a fountain of clear blue water here.
Key pressed, stopping explore.
Found a basalt altar of Yredelemnul.
Found a shimmering blue altar of Sif Muna.
Key pressed, stopping explore.
Done exploring.
Done exploring.
Done exploring.
Done exploring.
Done exploring.
Done exploring.
Done exploring.
Done exploring.
Done exploring.
Done exploring.
Done exploring.
Done exploring.
Done exploring.
Done exploring.
Done exploring.
Done exploring.
Done exploring.
Done exploring.
Done exploring.
Done exploring.
Done exploring.
Done exploring.
Done exploring.
Done exploring.
Search for what [Enter for "."]? oka
There is a burning altar of Makhleb here.
There is an iron altar of Okawaru here.
You kneel at the altar of Okawaru.
Okawaru welcomes you!
(D) Dungeon (T) Temple
Where to? (Enter - Temple @ (x,y), ? - help)
What level of the Dungeon? (default 4, ? - help)
There is a bloodstained altar of Trog here.
There is a staircase back to the Dungeon here.
You climb upwards.
Welcome back to the Dungeon!
Level annotation: 1 runed translucent door The ogre barely misses you.
The ogre hits you with a +0 giant club!
There is a staircase to the Ecumenical Temple here.
The ogre hits you with a +0 giant club!
There is a stone staircase leading up here.
You climb upwards.
There is a stone staircase leading down here.
You start resting.
You start resting.
HP restored.
You start waiting.
Done waiting.
Press: ? - help, v - describe, . - travel A stone staircase leading down.
Placed new exclusion.
Reduced exclusion size to a single square.
(D) Dungeon (T) Temple
Where to? (Enter - D:4, ? - help)
There is a stone staircase leading down here.
You climb downwards.
Level annotation: 1 runed translucent door
There is a stone staircase leading up here.
An ogre is nearby!
An ogre is nearby!
The ogre hits you with a +0 giant club!
Your scale mail prevents you from hitting the ogre.
The ogre hits you with a +0 giant club!
You are too injured to fight recklessly!
You are too injured to fight recklessly!
You are too injured to fight recklessly!
You are too injured to fight recklessly!
You are too injured to fight recklessly!
You are too injured to fight recklessly!
You are too injured to fight recklessly!
You are too injured to fight recklessly!
You are too injured to fight recklessly!
You are too injured to fight recklessly!
You are too injured to fight recklessly!
You are too injured to fight recklessly!
You are too injured to fight recklessly!
You are too injured to fight recklessly!
You are too injured to fight recklessly!
You are too injured to fight recklessly!
You are too injured to fight recklessly!
You are too injured to fight recklessly!
You are too injured to fight recklessly!
You are too injured to fight recklessly!
You are too injured to fight recklessly!
You are too injured to fight recklessly!
You sock the ogre!
The ogre is moderately wounded.
The ogre hits you with a +0 giant club!!
Ouch! That really hurt!
You die...

#.....###....####...........##
#.....###..### ###..........#
#.....##..<# ###.........
#......#...# #### ###..###..
####..........####..# ##..#####.
....................# ##..##.....
..#.......#####.....###..###.....
..##......# #..O...#...###......
#..##....## ##..@.....#####......
##..##...# #.........# #..[....
.##......# #.........# ##.......
....⌠...## ##.........###........
.##.....# #...........##.>......
##..##..# #...<.......##.......#
#..##..## ##....<...............#
..##...# #.........#...........#
..#O..## #.........#..........##


You could see an ogre.

Vanquished Creatures
  A bullfrog skeleton (D:3)
  Ijyb (D:3)
  2 worker ants (D:4)
  3 adders
  An adder skeleton (D:4)
  2 worms (D:3)
  2 dart slugs (D:1)
  3 orcs (D:3)
  2 giant cockroaches
  6 goblins
  9 hobgoblins
  6 jackals (D:3)
  A quokka (D:3)
  2 ball pythons
  10 bats
  6 frilled lizards
  13 kobolds
  10 rats
80 creatures vanquished.

Notes
Turn   | Place    | Note
-------+----------+-------------------------------------------
     0 | D:1      | Ozzies the Gargoyle Fighter began the quest for the Orb.
     0 | D:1      | Reached XP level 1. HP: 14/14 MP: 1/1
   131 | D:1      | Reached XP level 2. HP: 18/20 MP: 2/2
   191 | D:1      | Reached skill level 4 in Fighting
   636 | D:1      | Reached XP level 3. HP: 24/24 MP: 3/3
  1191 | D:2      | Found a sacrificial altar of Ru.
  1386 | D:2      | Reached skill level 5 in Fighting
  1564 | D:2      | Reached XP level 4. HP: 31/31 MP: 4/4
  1734 | D:3      | Noticed Ijyb
  1753 | D:3      | Killed Ijyb
  1866 | D:3      | Reached XP level 5. HP: 25/35 MP: 5/5
  2413 | D:4      | Found a runed translucent door.
  2453 | D:4      | Reached skill level 1 in Dodging
  2742 | D:4      | Got a fine granite ring
  2766 | D:4      | Noticed an ogre
  2767 | D:4      | Found a staircase to the Ecumenical Temple.
  2776 | Temple   | Entered the Ecumenical Temple
  2903 | Temple   | Became a worshipper of Warmaster Okawaru
  3253 | D:4      | Slain by an ogre

Illustrated notes

Levels and vault maps discovered:
D:1:      ebering_hopf_link, layout_basic
D:2:      layout_basic, nicolae_ru_sacrificial_ziggurat
D:3:      layout_rooms, chequers_serial_rivers_micro_a, uniq_ijyb
D:4:      layout_cave_pods, minmay_temple_entry_waves,
          ebering_ghost_reflecting_pool, saegor_snake_ambush
Temple:   eino_temple_rhombus

Skill      XL: |  1  2  3  4  5 |
---------------+----------------+-----
Fighting       | 4 5 |  5.7
Dodging        | 1 |  1.1
Maces & Flails | |  2.6
Armour         | |  3.9
Shields        | |  3.7

Action                   |  1- 3 |  4- 6 || total
-------------------------+-------+-------++-------
Melee: Flail             |   139 |   179 ||   318
Armor: Scale mail        |   107 |   118 ||   225
Dodge: Dodged            |    59 |    66 ||   125
Block: Kite shield       |    84 |   122 ||   206

Table legend: (Time is in decaauts)
 A = Elapsed time spent in this place.
 B = Non-inter-level travel time spent in this place.
 C = Inter-level travel time spent in this place.
 D = Time resting spent in this place.
 E = Time spent auto-exploring this place.
 F = Levels seen in this place.
 G = Mean time per level.
                   A        B        C        D        E       F      G
               +--------+--------+--------+--------+--------+-----+--------+
         Total |   3368 |   3275 |     93 |    298 |   2299 |   5 |  673.6 |
       Dungeon |   3230 |   3170 |     60 |    298 |   2196 |   4 |  807.5 |
        Temple |    137 |    104 |     33 |      0 |    103 |   1 |  137.0 |
               +--------+--------+--------+--------+--------+-----+--------+

Top non-repeatable levels by time:
     D:3: 1087 daAuts
     D:1: 1027 daAuts
     D:2: 712 daAuts
     D:4: 404 daAuts
  Temple: 137 daAuts
